 Dungeon Crawl Stone Soup version 0.28-b1-25-g9875b3fc8c (webtiles) character file.

Game seed: 6805979674545933106

3 growler the Firebug (level 1, 0/10 HPs)
             Began as a Tengu Fire Elementalist on Feb 2, 2022.
             Slain by a ball python (1 damage)
             ... on level 1 of the Dungeon.
             The game lasted 00:00:41 (37 turns).

growler the Firebug (Tengu Fire Elementalist)         Turns: 37, Time: 00:00:42

Health: 0/10       AC:  2    Str:  8    XL:     1   Next: 50%
Magic:  0/4        EV: 12    Int: 15    God:
Gold:   0          SH:  0    Dex: 14    Spells: 3/4 levels left

rFire   . . .      SeeInvis .   (no weapon)
rCold   . . .      Faith    .   (no shield)
rNeg    . . .      Spirit   .   a - +0 robe
rPois   .          Reflect  .   (helmet restricted)
rElec   .          Harm     .   (no cloak)
rCorr   .          Rampage  .   (no gloves)
Will    .....                   (boots unavailable)
Stlth   ++........              (no amulet)
HPRegen 0.03/turn               (no ring)
MPRegen 0.09/turn               (no ring)

@: no status effects
A: beak, talons 3
a: no special abilities


You were on level 1 of the Dungeon.
You visited 1 branch of the dungeon, and saw 1 of its levels.

Inventory:

Armour
 a - a +0 robe (worn)


   Skills:
 - Level 2.1 Dodging
 - Level 2.0 Stealth
 + Level 2.1 Spellcasting
 + Level 1.6 Conjurations
 + Level 3.3 Fire Magic


You had 3 spell levels left.
You knew the following spells:

 Your Spells              Type           Power      Damage    Failure   Level
a - Foxfire               Conj/Fire      36%        2x1d5     8%          1

Your spell library contained the following spells:

 Spells                   Type           Power      Damage    Failure   Level
 Scorch                   Fire           22%        2d6       9%          2
 Conjure Flame            Conj/Fire      9%         6-21      24%         3
 Inner Flame              Hex/Fire       6%         N/A       32%         3
 Flame Wave               Conj/Fire      9%         2d5       61%         4


Dungeon Overview and Level Annotations

Branches:
Dungeon (1/15)

Altars:


Innate Abilities, Weirdness & Mutations

You have a beak for a mouth.
You have claws for feet.


Message History

Moving in this stuff is going to be slow. 2 rats come into view.
You conjure some foxfire!
The foxfire hits the rat.
You kill the rat!
A ball python comes into view.
The foxfire hits the rat.
You kill the rat!
A jackal comes into view.
The jackal barks!
A frilled lizard comes into view.
A jackal comes into view.
The frilled lizard hisses angrily.
The jackal barks!
You conjure some foxfire!
The ball python hisses angrily.
The foxfire hits the jackal but does no damage.
The foxfire hits the ball python.
The jackal bites you.
The ball python bites you but does no damage.
The ball python grabs you. The ball python constricts you.
You conjure some foxfire!
The jackal bites you. The ball python bites you.
The ball python constricts you.
The jackal bites you but does no damage.
You escape the ball python's grasp.
The foxfire hits the jackal.
The foxfire hits the jackal but does no damage.
You conjure some foxfire!
The jackal closely misses you. The ball python misses you.
The ball python closely misses you.
The foxfire hits the frilled lizard.
You kill the frilled lizard!
The jackal bites you.
* * * LOW HITPOINT WARNING * * *
The foxfire hits the jackal.
You kill the jackal!
The jackal closely misses you. The ball python barely misses you. x2
You conjure some foxfire!
The jackal bites you but does no damage.
The ball python bites you but does no damage.
The ball python completely misses you.
The foxfire hits the jackal but does no damage.
The foxfire hits the jackal.
The jackal closely misses you. The jackal bites you.
* * * LOW HITPOINT WARNING * * *
The jackal bites you but does no damage.
The ball python closely misses you. The ball python barely misses you.
The jackal bites you but does no damage.
The ball python bites you.
* * * LOW HITPOINT WARNING * * *
The ball python closely misses you. The ball python bites you.
You die...

.... .....
.....########
.......@h...#
........S...#
###.........#
#.........#
#.......†.#
#.......†.############
#....................#
#######.############.#
#.# ≈.≈≈≈≈...


You could see a jackal and a ball python.

Vanquished Creatures
  A jackal (D:1)
  A frilled lizard (D:1)
  2 rats (D:1)
4 creatures vanquished.

Vanquished Creatures (others)
  9 foxfires (D:1)
9 creatures vanquished.

Grand Total: 13 creatures vanquished

Notes
Turn   | Place    | Note
-------+----------+-------------------------------------------
     0 | D:1      | growler the Tengu Fire Elementalist began the quest for the
                  | Orb.
     0 | D:1      | Reached XP level 1. HP: 10/10 MP: 4/4
    37 | D:1      | Slain by a ball python

Illustrated notes

Levels and vault maps discovered:
D:1:      minmay_arrival_floating_metal, layout_basic,
          hellmonk_ecumenical_altar_blasted

Action                   || total
-------------------------++-------
 Cast: Foxfire           ||     5
Armor: Robe              ||     6
Dodge: Dodged            ||    11
